 Dungeon Crawl Stone Soup version 0.21-a0-251-g5e8393f (webtiles) character file.

9317 tidbits the Martial Artist (level 11, 0/104 HPs)
             Began as a Demigod Transmuter on Sept 5, 2017.
             Slain by a blink frog (17 damage)
             ... on level 1 of the Lair of Beasts.
             The game lasted 01:14:47 (6575 turns).

tidbits the Martial Artist (Demigod Transmuter)     Turns: 6575, Time: 01:14:48

Health: 0/104      AC:  2    Str: 11    XL:     11   Next: 2%
Magic:  28/32      EV: 25    Int: 25    God:
Gold:   273        SH:  0    Dex: 21    Spells: 4/20 levels left

rFire    . . .     SeeInvis .     - Unarmed
rCold    . . .     Gourm    .   (shield currently unavailable)
rNeg     . . .     Faith    .   (armour currently unavailable)
rPois    x         Spirit   .   (helmet currently unavailable)
rElec    .         Reflect  .   (cloak currently unavailable)
rCorr    .         Harm     .   (gloves currently unavailable)
MR       +....                  (boots currently unavailable)
Stlth    ++........             m - amulet of magic regeneration
HPRegen  0.27/turn              R - ring of magical power
MPRegen  0.48/turn              W - ring of wizardry

@: spider-form
A: clever 1, high mp 1, robust 1, weak 1
a: End Transformation


You were on level 1 of the Lair of Beasts.
You were not hungry.
You were a venomous arachnid creature.
You visited 3 branches of the dungeon, and saw 12 of its levels.
You also visited: Sewer.

You collected 611 gold pieces.
You spent 338 gold pieces at shops.

Inventory:

Hand Weapons
 a - a +4 dagger of speed
   (You found it on level 1 of the Dungeon)
 h - the +10 mace "Ipuutaul" {holy, rPois rF+ rC-}
   (You found it on level 9 of the Dungeon)

   It has been blessed by the Shining One to cause great damage to the undead
   and demons.
   It protects you from fire.
   It makes you vulnerable to cold.
   It protects you from poison.
Missiles
 g - 34 stones (quivered)
 t - 49 arrows
 S - 4 tomahawks of returning
 Y - a throwing net {!f}
Armour
 B - the +1 leather armour "Idaresso" (melded) {MR+ Int+3}
   (You found it on level 7 of the Dungeon)

   It affects your intelligence (+3).
   It affects your resistance to hostile enchantments.
 D - a +2 buckler
 E - a +2 hat (melded)
 F - a +2 pair of boots of running (melded)
   (You found it on level 6 of the Dungeon)
Magical Staves
 y - an uncursed staff of air
   (You found it on level 6 of the Dungeon)
Jewellery
 m - an amulet of magic regeneration (around neck)
   (You found it on level 2 of the Dungeon)
 R - a ring of magical power (left front leg)
   (You found it on level 7 of the Dungeon)
 W - a ring of wizardry (right front leg)
   (You found it on level 8 of the Dungeon)
Wands
 f - a wand of confusion (23/48)
 i - a wand of confusion (13/48)
 G - a wand of flame (12/48)
 K - a wand of polymorph (10/24)
 M - a wand of flame (8/48)
 T - a wand of random effects (21/48)
 X - a wand of iceblast (4/15)
Scrolls
 e - 3 scrolls of teleportation {unknown}
 j - a scroll of noise {unknown}
 k - a scroll of fear {unknown}
 r - 5 scrolls of remove curse
 w - a scroll of immolation {unknown}
 x - a scroll of amnesia
 L - a scroll of fog {unknown}
 P - a scroll of recharging {unknown}
Potions
 b - a potion of mutation {!q}
 n - a potion of brilliance
 o - 2 potions of magic
 s - a potion of resistance {unknown}
 u - a potion of cancellation {unknown}
 v - 2 potions of curing
 C - 2 potions of flight
 H - a potion of lignification
 I - a potion of invisibility
 N - 2 potions of heal wounds
 O - a potion of haste
 V - a potion of ambrosia
Books
 c - a book of Changes

   Spells                             Type                      Level
   a - Beastly Appendage              Transmutation                1
   b - Sticks to Snakes               Transmutation                2
   c - Spider Form                    Transmutation/Poison         3
   d - Ice Form                       Ice/Transmutation            4
   e - Blade Hands                    Transmutation                5
 U - a book of Minor Magic
   (You found it on level 7 of the Dungeon)

   Spells                             Type                      Level
   a - Magic Dart                     Conjuration                  1
   b - Blink                          Translocation                2
   c - Call Imp                       Summoning                    2
   d - Slow                           Hexes                        2
   e - Conjure Flame                  Conjuration/Fire             3
   f - Mephitic Cloud                 Conjuration/Poison/Air       3
 Z - a book of Geomancy
   (You found it on level 10 of the Dungeon)

   Spells                             Type                      Level
   a - Sandblast                      Earth                        1
   b - Passwall                       Transmutation/Earth          2
   c - Stone Arrow                    Conjuration/Earth            3
   d - Petrify                        Transmutation/Earth          4
   e - Lee's Rapid Deconstruction     Earth                        5
Comestibles
 d - 13 bread rations
 p - 3 chunks of flesh
 J - 9 fruits


   Skills:
 + Level 8.3 Fighting
 + Level 5.3 Dodging
 - Level 1.0 Stealth
 + Level 9.7 Unarmed Combat
 - Level 5.4 Spellcasting
 - Level 1.0 Conjurations
 - Level 6.6 Transmutations
 - Level 1.0 Air Magic
 - Level 1.0 Poison Magic


You had 4 spell levels left.
You knew the following spells:

 Your Spells              Type           Power        Failure   Level  Hunger
e - Beastly Appendage     Tmut           #####.       1%          1    None
h - Blade Hands           Tmut           #####.....   13%         5    #####..
k - Sticks to Snakes      Tmut           #####...     1%          2    None
m - Mephitic Cloud        Conj/Pois/Air  ##......     14%         3    #......
p - Spider Form           Tmut/Pois      ####......   6%          3    #......
w - Passwall              Tmut/Erth      ###.......   4%          2    None


Dungeon Overview and Level Annotations

Branches:
Dungeon (10/15)              Lair (1/6) D:9             Orc (1/2) D:9
 Temple: D:4-7

Shops:
D:7 [[!

Annotations:
D:4 Shiggs's ghost, novice NaFi
D:8 diggable vault
D:9 exclusion: killer bee
D:10 Fannar


Innate Abilities, Weirdness & Mutations

You have an increased reservoir of magic. (+10% MP)
Your mind is acute. (Int +2)
You are robust. (+10% HP)
You are weak. (Str -2)


Message History

Okay, then.
Found a royal jelly.
A blink frog comes into view.
The blink frog croaks.
The blink frog blinks!
A blink frog comes into view.
The blink frog croaks.
A blink frog comes into view.
The blink frog croaks.
A blink frog comes into view.
The blink frog blinks!
Wield which item (- for none, * to show all)? (? for menu, Esc to quit)
You are now empty-handed.
Casting: Blade Hands
Confirm with . or Enter, or press ? or * to list all spells.
You create a snake!
You now have 54 arrows.
The blink frog blinks! x2
Casting: Sticks to Snakes
Confirm with . or Enter, or press ? or * to list all spells.
You turn into a venomous arachnid creature.
Your +2 hat melds into your body.
Your +2 pair of boots of running melds into your body.
The +1 leather armour "Idaresso" {MR+ Int+3} melds into your body.
You feel rather sluggish. The blink frog barely misses you.
Your adder misses the blink frog. The blink frog closely misses you.
The blink frog misses you.
Casting: Spider Form
Confirm with . or Enter, or press ? or * to list all spells.
You create 2 snakes!
You now have 52 arrows.
The blink frog completely misses you. x2; Your adder misses the blink frog.
Casting: Sticks to Snakes
Confirm with . or Enter, or press ? or * to list all spells.
You create 3 snakes!
You now have 49 arrows.
The blink frog misses you. The blink frog completely misses you.
Your adder closely misses the blink frog.
The blink frog blinks!
The blink frog misses you.
You bite the blink frog!
The blink frog is poisoned.
The blink frog is moderately wounded.
Your adder misses the blink frog.
Your adder closely misses the blink frog.
The blink frog completely misses you. The blink frog hits you!
* * * LOW HITPOINT WARNING * * *
The blink frog closely misses your adder.
Your ball python barely misses the blink frog.
Your ball python closely misses the blink frog.
Your adder barely misses the blink frog.
Your adder bites the blink frog.
The blink frog looks even sicker.
Your adder poisons the blink frog!
You barely miss the blink frog.
The blink frog is moderately wounded.
Your ball python bites the plant but does no damage.
Your ball python grabs the plant.
Your ball python constricts the plant.
Your adder bites the blink frog.
The blink frog hits you.
* * * LOW HITPOINT WARNING * * *
The blink frog hits your adder.
The blink frog blinks! x2
Your adder barely misses the blink frog.
Your ball python misses the blink frog.
Your ball python closely misses the blink frog.
Your adder bites the blink frog.
Unknown command.
You bite the blink frog!
The blink frog looks as sick as possible!
The blink frog is severely wounded.
Your adder misses the blink frog.
Your adder completely misses the blink frog.
The blink frog barely misses you. The blink frog misses you.
Your ball python bites the plant but does no damage.
Your ball python constricts the plant.
Your adder bites the blink frog.
Your adder closely misses the blink frog.
Your ball python barely misses the blink frog.
Your ball python misses the blink frog.
You closely miss the blink frog.
The blink frog is moderately wounded.
You kill the blink frog!
The blink frog blinks!
The blink frog hits you!
* * * LOW HITPOINT WARNING * * *
Your adder bites the plant but does no damage.
Your ball python releases its grip on the plant.
Your adder bites the plant but does no damage.
Your adder closely misses the blink frog.
Unknown command.
You barely miss the blink frog.
The blink frog is moderately wounded.
Your ball python closely misses the blink frog. x2
The blink frog misses you.
Your adder bites the plant.
Your adder barely misses the blink frog.
Your adder bites the blink frog.
The blink frog is poisoned.
Your adder poisons the blink frog!
You closely miss the blink frog.
The blink frog is heavily wounded.
Your adder barely misses the blink frog.
The blink frog completely misses you.
Your ball python misses the blink frog.
Your ball python grabs the blink frog.
Your ball python constricts the blink frog.
Your ball python bites the plant but does no damage.
Your ball python grabs the plant.
Your ball python constricts the plant.
Your adder bites the plant but does no damage.
Your adder bites the blink frog. x2
Your adder barely misses the blink frog.
You swap places.
The blink frog hits you!
You die...

....≈≈≈.≈♣ .....♣PP≈♣♣≈
...PP≈≈.≈≈ #....♣≈≈≈≈≈≈♣
..♣♣≈≈≈.≈P #....P≈≈P≈≈≈♣
♣♣ ♣≈≈≈(P≈
#....♣≈≈≈≈≈≈♣♣♣ ♣♣P≈P.≈≈
#....≈≈P≈≈≈≈≈≈♣♣♣≈≈≈≈.≈♣
#....♣≈SP≈≈≈≈≈P≈P≈≈≈≈.≈≈
#.....♣FSS≈≈≈≈≈≈≈≈≈≈≈.P.
......SsSF..............
.....%PS≈P≈PP≈≈≈≈≈≈≈≈...
......≈≈≈≈≈≈F≈≈≈≈≈≈≈†≈≈.
......+♣P≈≈≈P≈≈≈≈≈P≈†≈≈.
...... #♣♣≈≈≈≈≈≈≈≈≈≈≈♣..
...... .P♣♣≈P≈≈≈P≈≈♣...
..... ... ♣♣♣≈≈≈≈≈♣....
..... ... ♣≈≈≈≈♣.....


You could see 3 blink frogs, 4 friendly adders and 2 friendly ball pythons.

Vanquished Creatures
  The ghost of tsouns the Grappler, a novice TrGl of Hepliaklqana (D:9)
  A two-headed ogre (D:9)
  A spiny frog (Lair:1)
  A komodo dragon (D:9)
  The ghost of Shiggs the Skirmisher, an amateur NaFi (D:3)
  Grinder (D:3)
  3 blink frogs (Lair:1)
  2 hippogriffs
  Sigmund (D:3)
  4 yaks (D:10)
  Eustachio (D:4)
  A wyvern (D:8)
  A steam dragon (D:5)
  Menkaure (D:5)
  A soldier ant (D:10)
  A porcupine (Lair:1)
  A water moccasin (D:10)
  A sky beast (D:5)
  3 ice beasts
  4 orc warriors
  A phantom (D:6)
  An ogre (D:5)
  A centaur (D:6)
  A crocodile (Sewer)
  3 big kobolds
  9 bullfrogs
  3 scorpions
  2 wights (D:8)
  7 killer bees
  A howler monkey (D:4)
  3 electric eels (Lair:1)
  A bullfrog zombie (D:6)
  3 crimson imps
  3 centaur skeletons
  2 jellies
  8 orc priests
  2 hounds (D:7)
  14 orc wizards
  3 bullfrog skeletons
  3 iguanas
  4 worker ants
  A hound skeleton (D:9)
  A worker ant zombie (D:5)
  9 adders
  3 gnolls (D:8)
  2 shadow imps
  3 adder skeletons
  3 worms
  2 dart slugs
  6 leopard geckos
  45 orcs
  2 ball pythons
  6 bats
  5 giant cockroaches
  4 goblins
  6 hobgoblins
  6 jackals
  4 quokkas
  10 frilled lizards
  16 kobolds
  A quokka zombie (D:5)
  3 rats
244 creatures vanquished.

Vanquished Creatures (collateral kills)
  The ghost of Slowdrip the Slinger, a novice HaHu (D:5)
  2 blink frogs (Lair:1)
  An orc warrior (D:10)
  2 ogres
  A bullfrog (D:10)
  A scorpion (D:10)
  A killer bee (D:8)
  A wight (D:8)
  A jelly (D:10)
  An adder (D:4)
  A leopard gecko (D:2)
  2 orcs
  A giant cockroach (D:2)
  A kobold (D:9)
  A plant (D:9)
18 creatures vanquished.

Vanquished Creatures (others)
  An adder (D:5)
  8 plants (D:9)
9 creatures vanquished.

Grand Total: 271 creatures vanquished

Notes
Turn   | Place    | Note
-------+----------+-------------------------------------------
     0 | D:1      | tidbits the Demigod Transmuter began the quest for the Orb.
     0 | D:1      | Reached XP level 1. HP: 15/15 MP: 5/5
    39 | D:1      | Reached skill level 2 in Spellcasting
   201 | D:1      | Reached skill level 2 in Transmutations
   336 | D:1      | Reached XP level 2. HP: 15/22 MP: 5/7
   345 | D:1      | Learned a level 2 spell: Sticks to Snakes
   538 | D:2      | Reached skill level 1 in Stealth
   573 | D:2      | Reached XP level 3. HP: 11/27 MP: 8/8
   578 | D:2      | Learned a level 3 spell: Spider Form
   613 | D:2      | Reached skill level 3 in Transmutations
   706 | D:2      | Found a hazy altar of Hepliaklqana.
   748 | D:2      | Found a white marble altar of Elyvilon.
   804 | D:3      | Reached skill level 3 in Unarmed Combat
   826 | D:3      | Found a deep blue altar of Sif Muna.
   842 | D:4      | Found an ornate altar of the Wu Jian Council.
   842 | D:4      | Noticed a bullfrog
   853 | D:4      | Killed a bullfrog
   853 | D:4      | Reached XP level 4. HP: 28/34 MP: 9/9
   873 | D:4      | Noticed Shiggs's ghost (novice NaFi)
   909 | D:4      | Reached skill level 4 in Unarmed Combat
   966 | D:3      | Reached skill level 1 in Fighting
   969 | D:3      | Found a radiant altar of Vehumet.
   975 | D:3      | Reached XP level 5. HP: 38/40 MP: 7/10
  1089 | D:4      | Reached skill level 2 in Dodging
  1261 | D:4      | Found a glowing drain.
  1277 | D:4      | Noticed Eustachio
  1297 | D:4      | Killed Eustachio
  1297 | D:4      | Reached skill level 2 in Fighting
  1297 | D:4      | Reached skill level 5 in Unarmed Combat
  1297 | D:4      | Reached XP level 6. HP: 22/48 MP: 8/12
  1392 | Sewer    | Entered a sewer
  1592 | Sewer    | Reached skill level 3 in Dodging
  1811 | D:3      | Noticed Grinder
  1828 | D:3      | Killed Grinder
  1828 | D:3      | Reached skill level 3 in Fighting
  1828 | D:3      | Reached skill level 6 in Unarmed Combat
  1828 | D:3      | Reached XP level 7. HP: 57/57 MP: 5/13
  1900 | D:3      | Noticed Sigmund
  1978 | D:3      | Noticed Shiggs's ghost (amateur NaFi)
  2001 | D:3      | Killed Shiggs's ghost
  2224 | D:3      | Gained mutation: You are robust. (+10% HP) [potion of mutation]
  2224 | D:3      | Gained mutation: You are weak. (Str -2) [potion of mutation]
  2224 | D:3      | Gained mutation: Your mind is acute. (Int +2) [potion of mutation]
  2339 | D:3      | Killed Sigmund
  2339 | D:3      | Reached skill level 4 in Dodging
  2339 | D:3      | Reached skill level 7 in Unarmed Combat
  2339 | D:3      | Reached XP level 8. HP: 72/72 MP: 11/14
  2351 | D:5      | Entered Level 5 of the Dungeon
  2456 | D:5      | Reached skill level 4 in Fighting
  2497 | D:5      | Found an iron altar of Okawaru.
  2762 | D:6      | Reached skill level 8 in Unarmed Combat
  2889 | D:5      | Found a glowing silver altar of Zin.
  2895 | D:5      | Noticed Menkaure
  2900 | D:5      | Killed Menkaure
  2955 | D:5      | Noticed Slowdrip's ghost (novice HaHu)
  2977 | D:5      | Killed Slowdrip's ghost
  2977 | D:5      | Reached skill level 5 in Fighting
  3043 | D:5      | Reached XP level 9. HP: 53/81 MP: 9/15
  3080 | D:5      | Found a stormy altar of Qazlal.
  3427 | D:6      | Reached skill level 4 in Transmutations
  3449 | D:6      | Identified a +2 pair of boots of running (You found it on level 6 of the Dungeon)
  3506 | D:6      | Reached skill level 9 in Unarmed Combat
  3722 | D:6      | Learned a level 5 spell: Blade Hands
  3843 | D:7      | Found Iqofoana's Distillery.
  3848 | D:7      | Bought a potion of heal wounds for 65 gold pieces
  3848 | D:7      | Bought a potion of lignification for 39 gold pieces
  3848 | D:7      | Bought a potion of invisibility for 104 gold pieces
  3848 | D:7      | Bought a potion of haste for 130 gold pieces
  3856 | D:7      | Reached skill level 5 in Transmutations
  3899 | D:7      | Found Ascheidd's Armour Shop.
  3957 | D:7      | Found Pimyv's Armour Boutique.
  4215 | D:7      | Reached skill level 3 in Spellcasting
  4338 | D:7      | Got a slimy leather armour
  4349 | D:7      | Identified the +1 leather armour "Idaresso" {MR+ Int+3} (You found it on level 7 of the Dungeon)
  4435 | D:8      | Noticed a two-headed ogre
  4653 | D:8      | Reached skill level 6 in Transmutations
  4845 | D:8      | Noticed a two-headed ogre
  4875 | D:8      | Found a sparkling altar of Nemelex Xobeh.
  4889 | D:8      | Found a shadowy altar of Dithmenos.
  5003 | D:9      | Noticed tsouns's ghost (novice TrGl)
  5186 | D:8      | Reached skill level 5 in Dodging
  5186 | D:8      | Reached XP level 10. HP: 26/91 MP: 19/19
  5398 | D:8      | Reached skill level 6 in Fighting
  5570 | D:9      | Killed tsouns's ghost
  5570 | D:9      | Reached skill level 7 in Fighting
  5608 | D:9      | Got a slimy mace
  5628 | D:9      | Found a stormy altar of Qazlal.
  5641 | D:9      | Noticed a two-headed ogre
  5651 | D:9      | Killed a two-headed ogre
  5706 | D:9      | Identified the +10 mace "Ipuutaul" {holy, rPois rF+ rC-} (You found it on level 9 of the Dungeon)
  5710 | D:10     | Entered Level 10 of the Dungeon
  5751 | D:10     | Learned a level 2 spell: Passwall
  5789 | D:10     | Reached skill level 8 in Fighting
  5789 | D:10     | Reached skill level 4 in Spellcasting
  5845 | D:10     | Noticed Fannar
  5932 | D:10     | Found a shimmering altar of Xom.
  6042 | D:9      | Found a staircase to the Lair.
  6065 | D:9      | Learned a level 3 spell: Mephitic Cloud
  6080 | D:9      | Found a shattered altar of Ashenzari.
  6081 | D:9      | Found an opulent altar of Gozag.
  6170 | D:9      | Found a staircase to the Orcish Mines.
  6235 | Orc:1    | Entered Level 1 of the Orcish Mines
  6237 | Orc:1    | Noticed an orc warlord
  6343 | Lair:1   | Entered Level 1 of the Lair of Beasts
  6377 | Lair:1   | Reached skill level 1 in Conjurations
  6377 | Lair:1   | Reached skill level 1 in Air Magic
  6377 | Lair:1   | Reached skill level 1 in Poison Magic
  6392 | Lair:1   | Reached skill level 5 in Spellcasting
  6547 | Lair:1   | Reached XP level 11. HP: 37/103 MP: 23/23
  6575 | Lair:1   | Slain by a blink frog

Vault maps used:
D:1:      roderic_dead_forest
D:2:      nicolae_overflow_crystal_walls, elyvilon_altar_4
D:3:      lemuel_blue_sif_altar, vehumet_crystals, first_bread,
          dk_noncrumbling_3, uniq_grinder, uniq_sigmund
D:4:      lemuel_crystal_altar, gup_sewer_entry_glass, uniq_eustachio
D:5:      lemuel_crystal_altar, nicolae_overflow_hidden_temple,
          kennysheep_little_box, uniq_menkaure
D:7:      minmay_temple_entry_enclosed_plants, serial_shops, shop, shop,
          nicolae_shop_statue_plus, kennysheep_another_room,
          hangedman_decor_diamond_cutter, the_bakery
D:8:      nicolae_dithmenos_shadow_blocks, kennysheep_mini, hex_large,
          onia_ninara_dug_in_and_dangerous
D:9:      gammafunk_temple_overflow_statue, lemuel_round_altar,
          david_lair_shrubbed, orc_0_dummy, grunt_qazlal_sundering
D:10:     basic_altar, uniq_fannar
Lair:1:   serial_bayou_lagoon_b, minmay_lair_oklob_chamber
Sewer:    sewer_the_crocodile

Skill      XL: |  1  2  3  4  5  6  7  8  9 10 |
---------------+-------------------------------+-----
Spellcasting   | 2 3 5 |  5.4
Transmutations | 2 3 6 |  6.6
Stealth        | 1 |  1.0
Unarmed Combat | 3 4 5 6 7 8 9 |  9.7
Fighting       | 1 2 3 5 8 |  8.3
Dodging        | 2 3 4 5 |  5.3
Conjurations   | 1 |  1.0
Air Magic      | 1 |  1.0
Poison Magic   | 1 |  1.0

Action                   |  1- 3 |  4- 6 |  7- 9 | 10-12 || total
-------------------------+-------+-------+-------+-------++-------
Melee: Whip              |    26 |       |       |       ||    26
       Kick              |     9 |       |       |       ||     9
       Short sword       |     2 |       |       |       ||     2
       Headbutt          |     2 |       |       |       ||     2
       Dagger            |    55 |     8 |    15 |       ||    78
       Unarmed           |    17 |    96 |   377 |   137 ||   627
       Punch             |       |     1 |     3 |     6 ||    10
Throw: Stone             |       |       |     1 |       ||     1
 Cast: Beastly Appendage |    19 |       |       |       ||    19
       Sticks to Snakes  |     5 |    10 |    19 |    17 ||    51
       Spider Form       |     3 |    19 |    56 |     5 ||    83
       Blade Hands       |       |       |     3 |    11 ||    14
       Passwall          |       |       |       |     3 ||     3
 Abil: End Transformatio |       |       |     3 |     1 ||     4
Evoke: Wand              |       |       |     2 |     5 ||     7
  Use: Scroll            |     5 |     1 |     3 |     1 ||    10
       Potion            |       |     3 |     7 |     2 ||    12
 Stab: Sleeping          |     8 |     4 |    11 |       ||    23
       Distracted        |     1 |     1 |       |     2 ||     4
  Eat: Chunk             |     1 |       |    18 |     8 ||    27
       Meat ration       |       |     1 |       |       ||     1
       Royal jelly       |       |     1 |       |       ||     1
       Fruit             |       |       |     2 |       ||     2
Armor: Robe              |     9 |     1 |     5 |       ||    15
       Skin              |     1 |     5 |    21 |       ||    27
       Leather armour    |       |       |     8 |    12 ||    20
Dodge: Dodged            |    54 |   105 |   280 |   108 ||   547

Table legend:
 A = Spawn XP
 B = Non-spawn XP
 C = Spawn XP percentage of total XP
 D = Spawn monster count
 E = Non-spawn monster count
 F = Spawn count percentage of total count
 G = Total turns spent on level
                    A         B        C        D         E        F      G
               +---------+---------+-------+---------+---------+-------+---------
         Total |    1164 |   12146 |   8.7 |      27 |     234 |  10.3 |  6575
               +---------+---------+-------+---------+---------+-------+---------
           D:1 |       2 |      23 |   8.0 |       1 |      15 |   6.2 |   452
           D:2 |       0 |      46 |   0.0 |       0 |      21 |   0.0 |   344
           D:3 |      65 |     833 |   7.2 |       6 |      19 |  24.0 |   733
           D:4 |      34 |     631 |   5.1 |       1 |      23 |   4.2 |   575
           D:5 |     355 |    1009 |  26.0 |       2 |      21 |   8.7 |   750
           D:6 |     172 |    1051 |  14.1 |       5 |      25 |  16.7 |   715
           D:7 |      87 |     716 |  10.8 |       2 |      23 |   8.0 |   747
           D:8 |     361 |    1655 |  17.9 |       9 |      38 |  19.1 |   912
           D:9 |       0 |    2770 |   0.0 |       0 |      15 |   0.0 |   580
          D:10 |       0 |    1471 |   0.0 |       0 |      18 |   0.0 |   284
        Lair:1 |      88 |    1828 |   4.6 |       1 |      10 |   9.1 |   232
         Sewer |       0 |     113 |   0.0 |       0 |       6 |   0.0 |   247
               +---------+---------+-------+---------+---------+-------+---------

Table legend:
 A = Turns spent in this place as a percentage of turns spent in the entire game.
 B = Non-inter-level travel turns spent in this place as a percentage of non-inter-level travel turns spent in the entire game.
 C = Inter-level travel turns spent in this place as a percentage of turns spent in this place.
 D = Turns resting spent in this place as a percentage of non-inter-level travel turns spent in this place.
 E = Turns spent auto-exploring this place as a percentage of non-inter-level travel turns spent in this place.
 F = Non-inter-level travel turns spent in this place divided by the number of levels of this place that you've seen.
                   A       B       C       D       E      F
               +-------+-------+-------+-------+-------+----------------------
         Total | 100.0 | 100.0 |   7.8 |   0.0 |   0.0 | 466.1
       Dungeon |  92.7 |  92.0 |   8.5 |   0.0 |   0.0 | 557.6
          Lair |   3.5 |   3.8 |   0.0 |   0.0 |   0.0 | 232.0
  Orcish Mines |   0.1 |   0.1 |   0.0 |   0.0 |   0.0 |   4.0
         Sewer |   3.8 |   4.1 |   0.0 |   0.0 |   0.0 | 247.0
               +-------+-------+-------+-------+-------+----------------------

Table legend:
 A = Kills in this place as a percentage of kills in entire the game.
 B = Kills by you in this place as a percentage of kills by you in the entire game.
 C = Kills by friends in this place as a percentage of kills by friends in the entire game.
 D = Other kills in this place as a percentage of other kills in the entire game.
 E = Experience gained in this place as a percentage of experience gained in the entire game.
 F = Experience gained in this place divided by the number of levels of this place that you have seen.
                   A       B       C       D       E      F
               +-------+-------+-------+-------+-------+----------------------
         Total | 100.0 | 100.0 | 100.0 |   N/A | 100.0 | 1023.8
       Dungeon |  93.5 |  93.9 |  88.2 |   N/A |  84.8 | 1128.1
          Lair |   4.2 |   3.7 |  11.8 |   N/A |  14.4 | 1916.0
         Sewer |   2.3 |   2.5 |   0.0 |   N/A |   0.8 | 113.0
               +-------+-------+-------+-------+-------+----------------------

Vault maps used:
D:1:      roderic_dead_forest
D:2:      nicolae_overflow_crystal_walls, elyvilon_altar_4
D:3:      lemuel_blue_sif_altar, vehumet_crystals, first_bread,
          dk_noncrumbling_3, uniq_grinder, uniq_sigmund
D:4:      lemuel_crystal_altar, gup_sewer_entry_glass, uniq_eustachio
D:5:      lemuel_crystal_altar, nicolae_overflow_hidden_temple,
          kennysheep_little_box, uniq_menkaure
D:7:      minmay_temple_entry_enclosed_plants, serial_shops, shop, shop,
          nicolae_shop_statue_plus, kennysheep_another_room,
          hangedman_decor_diamond_cutter, the_bakery
D:8:      nicolae_dithmenos_shadow_blocks, kennysheep_mini, hex_large,
          onia_ninara_dug_in_and_dangerous
D:9:      gammafunk_temple_overflow_statue, lemuel_round_altar,
          david_lair_shrubbed, orc_0_dummy, grunt_qazlal_sundering
D:10:     basic_altar, uniq_fannar
Lair:1:   serial_bayou_lagoon_b, minmay_lair_oklob_chamber
Sewer:    sewer_the_crocodile
